[Event "WCCC G10 2019"]
[Site "Weifang"]
[Date "2019.08.23"]
[Round "3.2"]
[White "Jiang, Tianyu"]
[Black "Lee, Alice"]
[Result "0-1"]
[ECO "D56"]
[WhiteElo "1381"]
[BlackElo "1822"]
[Annotator "NA"]
[PlyCount "126"]
[EventDate "2019.08.21"]
[EventType "swiss"]
[EventCountry "CHN"]
[SourceTitle "playchess.com"]
[Source "ChessBase"]
[SourceQuality "1"]
[TimeControl "40/5400+30:1800+30"]

1. d4 Nf6 2. c4 e6 3. Nf3 d5 4. Nc3 Be7 5. Bg5 h6 6. Bh4 O-O 7. e3 Nbd7 8. Be2 c5 9. dxc5 Nxc5 10. cxd5 Nxd5 11. Bxe7 Nxe7 12. Qxd8 Rxd8 13. Rd1 Rxd1+ 14. Kxd1 Bd7 15. Ne5 Be8 16. Kc2 Rc8 17. Kb1 f6 18. Nf3 Bg6+ 19. Ka1 Ne4 20. Nxe4 Bxe4 21. Re1 e5 22. a3 Rc2 23. Ka2 Nc6 24. Ka1 a5 25. Ka2 a4 26. Ka1 Na5 27. Ng1 Nb3+ 28. Ka2 Nc1+ 29. Ka1 Nxe2 30. Nxe2 Bxg2 31. f4 Bc6 32. Kb1 Be4 33. Ka1 Bd3 34. Nc1 Bc4 35. Rh1 exf4 36. exf4 Rf2 37. Na2 Rxf4 38. Nc3 b5 39. Kb1 Kf7 40. Kc1 Rf1+ 41. Rxf1 Bxf1 42. Kd2 Ke6 43. Ke3 Ke5 44. Kf2 Bc4 45. Ke3 f5 46. Kf2 g5 47. h3 h5 48. Kg3 h4+ 49. Kf3 Bd5+ 50. Kf2 Bc6 51. Kg1 g4 52. hxg4 fxg4 53. Kh2 Kf4 54. Ne2+ Ke3 55. Nc3 Bf3 56. Nxb5 Kf2 57. Nd4 g3+ 58. Kh3 g2 59. Nxf3 Kxf3 60. Kxh4 g1=Q 61. Kh5 Qg7 62. b4 Kf4 63. b5 Qh7# {[%emt 0:00:31] Kg4+ Kxg4} 0-1

[Event "WCCC G10 2019"]
[Site "Weifang"]
[Date "2019.08.23"]
[Round "3.3"]
[White "Shukhman, Anna"]
[Black "Indira Priyadharshini Subbu"]
[Result "1-0"]
[ECO "B59"]
[WhiteElo "1806"]
[BlackElo "1346"]
[Annotator "NA"]
[PlyCount "97"]
[EventDate "2019.08.21"]
[EventType "swiss"]
[EventCountry "CHN"]
[SourceTitle "playchess.com"]
[Source "ChessBase"]
[SourceQuality "1"]
[TimeControl "40/5400+30:1800+30"]

1. e4 c5 2. Nf3 d6 3. d4 cxd4 4. Nxd4 Nf6 5. Nc3 Nc6 6. Be2 e5 7. Nb3 Be7 8. Be3 O-O 9. O-O Be6 10. h3 d5 11. exd5 Nxd5 12. Nxd5 Qxd5 13. Nc5 Nd4 14. Nxe6 Nxe2+ 15. Qxe2 Qxe6 16. Rfd1 a6 17. Qf3 e4 18. Qf4 Rac8 19. Rd2 Bf6 20. c3 Be5 21. Qh4 f5 22. Bf4 Bxf4 23. Qxf4 Rfd8 24. Rad1 Rxd2 25. Rxd2 g6 26. a3 Qe7 27. Rd5 Rd8 28. c4 Rc8 29. Qd2 Rc7 30. Rd8+ Kg7 31. Qd4+ Qf6 32. Rg8+ Kxg8 33. Qxf6 Rxc4 34. Qe6+ Kg7 35. Qxc4 b5 36. Qd4+ Kf7 37. Qa7+ Kf6 38. Qxa6+ Ke5 39. Qxb5+ Kf6 40. a4 f4 41. a5 e3 42. fxe3 fxe3 43. a6 e2 44. Qxe2 h5 45. a7 g5 46. a8=Q Kf5 47. Qf8+ Kg6 48. Qe6+ Kh7 49. Qef5# 1-0

[Event "WCCC G10 2019"]
[Site "Weifang"]
[Date "2019.08.23"]
[Round "3.4"]
[White "Chen, Yining"]
[Black "Gaszka, Zuzanna"]
[Result "1-0"]
[ECO "D06"]
[WhiteElo "1744"]
[BlackElo "1230"]
[Annotator "NA"]
[PlyCount "135"]
[EventDate "2019.08.21"]
[EventType "swiss"]
[EventCountry "CHN"]
[SourceTitle "playchess.com"]
[Source "ChessBase"]
[SourceQuality "1"]
[TimeControl "40/5400+30:1800+30"]

1. d4 d5 2. c4 Bf5 3. Nc3 e6 4. Nf3 Nf6 5. Bg5 c6 6. Qb3 b6 7. e3 Be7 8. Be2 O-O 9. O-O Nbd7 10. Nh4 dxc4 11. Qxc4 c5 12. dxc5 Nxc5 13. Rfd1 Qe8 14. Qf4 Bg6 15. Nxg6 fxg6 16. Bb5 Qc8 17. Bxf6 Bxf6 18. Qg4 Bxc3 19. bxc3 e5 20. Qxc8 Raxc8 21. f3 e4 22. Bc4+ Kh8 23. Bd5 exf3 24. gxf3 Rce8 25. Kf2 Ne4+ 26. Bxe4 Rxe4 27. Rd4 Re7 28. Ke2 Rfe8 29. e4 Kg8 30. a4 Rc7 31. Rc1 Rec8 32. Kd3 Rf8 33. Rf1 Rcf7 34. Ke3 Rc7 35. c4 Rfc8 36. Kd3 Rc5 37. f4 Rh5 38. Rd7 Rxh2 39. Rxa7 Rd8+ 40. Ke3 Rh3+ 41. Rf3 Rd3+ 42. Kxd3 Rxf3+ 43. Kd4 Rxf4 44. a5 bxa5 45. c5 Rf7 46. Rxa5 h5 47. c6 h4 48. Rg5 Rc7 49. Kd5 Kf7 50. Rg4 Ke7 51. Rxg6 Kf7 52. Rg4 Ke7 53. Rxg7+ Kd8 54. Rg8+ Ke7 55. Rh8 h3 56. Rxh3 Rc8 57. Rh7+ Kd8 58. Rh8+ Kc7 59. Rxc8+ Kxc8 60. Kd6 Kd8 61. c7+ Kc8 62. e5 Kb7 63. Kd7 Ka7 64. c8=Q Kb6 65. Qc4 Ka5 66. Qb3 Ka6 67. Kc6 Ka7 68. Qb7# 1-0

[Event "WCCC G10 2019"]
[Site "Weifang"]
[Date "2019.08.23"]
[Round "3.5"]
[White "Yesugen Khuchbayar"]
[Black "Mou, Iris"]
[Result "1/2-1/2"]
[ECO "C01"]
[WhiteElo "1325"]
[BlackElo "1669"]
[Annotator "NA"]
[PlyCount "86"]
[EventDate "2019.08.21"]
[EventType "swiss"]
[EventCountry "CHN"]
[SourceTitle "playchess.com"]
[Source "ChessBase"]
[SourceQuality "1"]
[TimeControl "40/5400+30:1800+30"]

1. e4 e6 2. d4 d5 3. exd5 exd5 4. Bd3 Nc6 5. Nf3 Bd6 6. O-O Bg4 7. Be3 Nge7 8. c4 dxc4 9. Bxc4 Qd7 10. Nbd2 O-O 11. Qb3 a6 12. a3 Na5 13. Qc3 Nxc4 14. Qxc4 Be6 15. Qc1 Bd5 16. Ne5 Qf5 17. f4 f6 18. Nec4 Qg4 19. Rf2 Nf5 20. Qc3 Rfe8 21. Re1 Bxf4 22. Nf1 Bd6 23. h3 Qg6 24. Nxd6 cxd6 25. Bd2 Rxe1 26. Bxe1 Re8 27. Bd2 h6 28. Qc2 Be4 29. Qa4 Nh4 30. Qb3+ Kh7 31. Qg3 Nf5 32. Qxg6+ Kxg6 33. Bc3 d5 34. g4 Nd6 35. Nd2 Bd3 36. Kg2 Nb5 37. Rf3 Re2+ 38. Rf2 Nxc3 39. bxc3 Kg5 40. Rxe2 Bxe2 41. Kg3 h5 42. gxh5 Kxh5 43. h4 g5 1/2-1/2

[Event "WCCC G10 2019"]
[Site "Weifang"]
[Date "2019.08.23"]
[Round "3.7"]
[White "Feng, Eunice"]
[Black "Sneha Halder"]
[Result "1-0"]
[ECO "B01"]
[WhiteElo "1280"]
[BlackElo "1561"]
[Annotator "NA"]
[PlyCount "113"]
[EventDate "2019.08.21"]
[EventType "swiss"]
[EventCountry "CHN"]
[SourceTitle "playchess.com"]
[Source "ChessBase"]
[SourceQuality "1"]
[TimeControl "40/5400+30:1800+30"]

1. e4 d5 2. exd5 Qxd5 3. Nc3 Qa5 4. d4 Nf6 5. Nf3 c6 6. Be2 Bf5 7. O-O e6 8. Bf4 Nbd7 9. a3 Nd5 10. Nxd5 cxd5 11. c3 Qb6 12. b3 Bd6 13. Bxd6 Qxd6 14. c4 O-O 15. c5 Qc7 16. b4 a5 17. Nh4 Bg6 18. Nxg6 hxg6 19. Qd2 Rfe8 20. f4 Ra7 21. g3 Nf6 22. Qb2 Ne4 23. b5 b6 24. c6 g5 25. Bd3 gxf4 26. Rxf4 e5 27. dxe5 Nc5 28. Bf1 Qxe5 29. Qxe5 Rxe5 30. Rd1 Ne6 31. Rf2 Ra8 32. Re2 Rxe2 33. Bxe2 Rd8 34. Bg4 Nc7 35. a4 Re8 36. Bf3 Re5 37. Kf2 Kf8 38. Rd3 Ke7 39. Re3 f6 40. Ke2 Kd6 41. Kd3 Ne6 42. Bd1 d4 43. Re2 Nc5+ 44. Kd2 Ne4+ 45. Kd3 Nc5+ 46. Kd2 d3 47. Rxe5 fxe5 48. Ke3 Kc7 49. h4 Kd6 50. g4 Ke7 51. h5 Kd6 52. g5 Ne6 53. h6 gxh6 54. gxh6 Ng5 55. Kxd3 Nf7 56. h7 e4+ 57. Ke3 1-0

[Event "WCCC G10 2019"]
[Site "Weifang"]
[Date "2019.08.23"]
[Round "3.8"]
[White "Budaeva, Victoria"]
[Black "Ning, Isabelle Yixuan"]
[Result "0-1"]
[ECO "B20"]
[WhiteElo "1074"]
[BlackElo "1701"]
[Annotator "NA"]
[PlyCount "76"]
[EventDate "2019.08.21"]
[EventType "swiss"]
[EventCountry "CHN"]
[SourceTitle "playchess.com"]
[Source "ChessBase"]
[SourceQuality "1"]
[TimeControl "40/5400+30:1800+30"]

1. e4 c5 2. d3 Nc6 3. Ne2 g6 4. g3 Bg7 5. Bg2 d6 6. c3 e5 7. Na3 Nge7 8. Nc2 O-O 9. O-O d5 10. exd5 Nxd5 11. Ne3 Be6 12. h3 Qd7 13. Kh2 Rac8 14. Nxd5 Bxd5 15. Bxd5 Qxd5 16. Be3 Rfd8 17. Nc1 e4 18. Qb3 exd3 19. Qxd5 Rxd5 20. c4 Rdd8 21. Rb1 Ne5 22. Rd1 d2 23. Nb3 Nxc4 24. Nxd2 Nxb2 25. Rdc1 b6 26. Rc2 Nd3 27. a3 Bd4 28. Bxd4 Rxd4 29. Nf3 Re4 30. Rd1 Ne5 31. Ng5 Ra4 32. Rc3 h6 33. Nf3 Nxf3+ 34. Rxf3 Rd4 35. Rxd4 cxd4 36. Rd3 Rc3 37. Rxd4 Rxa3 38. Rd7 a5 0-1

[Event "WCCC G10 2019"]
[Site "Weifang"]
[Date "2019.08.23"]
[Round "3.10"]
[White "Maral Altankhuyag"]
[Black "Nurgaliyeva, Zarina"]
[Result "0-1"]
[ECO "C50"]
[WhiteElo "1078"]
[BlackElo "1474"]
[Annotator "NA"]
[PlyCount "114"]
[EventDate "2019.08.21"]
[EventType "swiss"]
[EventCountry "CHN"]
[SourceTitle "playchess.com"]
[Source "ChessBase"]
[SourceQuality "1"]
[TimeControl "40/5400+30:1800+30"]

1. e4 e5 2. Nf3 Nc6 3. Bc4 Bc5 4. Nc3 Nf6 5. d3 h6 6. O-O d6 7. h3 O-O 8. Be3 Bb6 9. Re1 Re8 10. Bxb6 axb6 11. Qd2 Be6 12. Bb3 Nh5 13. Ne2 Qf6 14. Bxe6 fxe6 15. d4 Rf8 16. Rf1 Qg6 17. Qe3 Nf4 18. Nxf4 Rxf4 19. dxe5 Rxe4 20. Qd3 Nb4 21. Nh4 Qh7 22. Qg3 Nxc2 23. Rac1 Rxe5 24. Qc3 Rc5 25. Qb3 Qe4 26. Nf3 d5 27. Rfd1 Qb4 28. Qxb4 Nxb4 29. a3 Rxc1 30. Rxc1 Nc6 31. Re1 Kf7 32. g3 Ra5 33. Kf1 Rc5 34. h4 Rc2 35. Rb1 e5 36. Rd1 Ke6 37. Rb1 e4 38. Ne1 Rd2 39. g4 Ne5 40. g5 Ng4 41. gxh6 gxh6 42. Kg2 Rxf2+ 43. Kg3 h5 44. Rc1 c5 45. b4 c4 46. Rc3 b5 47. Nc2 Ke5 48. Ne1 d4 49. Rc1 d3 50. Nxd3+ exd3 51. Rd1 Kd4 52. a4 c3 53. axb5 d2 54. Kh3 c2 55. Rh1 c1=Q 56. Rxc1 dxc1=Q 57. b6 Qe3# 0-1

[Event "WCCC G10 2019"]
[Site "Weifang"]
[Date "2019.08.24"]
[Round "4.1"]
[White "Shukhman, Anna"]
[Black "Li, Rachael"]
[Result "0-1"]
[ECO "B92"]
[WhiteElo "1806"]
[BlackElo "1911"]
[Annotator "NA"]
[PlyCount "140"]
[EventDate "2019.08.21"]
[EventType "swiss"]
[EventCountry "CHN"]
[SourceTitle "playchess.com"]
[Source "ChessBase"]
[SourceQuality "1"]
[TimeControl "40/5400+30:1800+30"]

1. e4 c5 2. Nf3 d6 3. d4 cxd4 4. Nxd4 Nf6 5. Nc3 a6 6. Nb3 e5 7. Bg5 Be6 8. Be2 Be7 9. Bxf6 Bxf6 10. Nd5 Nd7 11. Qd3 Rc8 12. O-O-O O-O 13. Kb1 Nc5 14. Qf3 Bxd5 15. Rxd5 Qc7 16. Rhd1 Rfd8 17. Qe3 {[%emt 0:14:40] [#]} (17. Nxc5 $14 {keeps the upper hand.} dxc5 18. Qg4) 17... Ne6 $17 18. R5d2 Bg5 19. Qg3 Bxd2 20. Rxd2 d5 21. exd5 Rxd5 22. Bd3 Nf4 23. Qf3 Rcd8 24. Qe3 Nxd3 25. cxd3 Qd6 26. Nc1 Qg6 27. Rc2 Qxg2 28. f4 Qg4 29. fxe5 Qd4 30. Qxd4 Rxd4 31. Rc7 R4d7 32. Rc4 Kf8 33. Kc2 Rd5 34. Re4 Ke7 35. Kc3 Rc8+ 36. Kd2 Rdc5 37. Nb3 Rc2+ 38. Ke3 Rxh2 39. Rb4 b5 40. Nd4 g6 41. Ke4 Rh4+ 42. Ke3 Rh5 43. Ke4 f6 44. exf6+ Kxf6 45. Nf3 Rf5 46. d4 Rc2 47. a4 a5 48. Rxb5 Rxb5 49. axb5 Rxb2 50. Kd5 Rxb5+ 51. Kc6 Rb3 52. Ne5 Ke6 53. Kc5 Rc3+ 54. Kb5 Kd5 55. Kxa5 Kxd4 56. Nf7 Rc5+ 57. Kb4 Rd5 58. Nh6 Rd8 59. Kb3 Rc8 60. Kb2 Ke4 61. Nf7 Kd5 62. Nh6 g5 63. Ng4 Rf8 64. Kc3 Ke4 65. Kd2 Kf3 66. Ne5+ Kg3 67. Nd3 Rd8 68. Ke2 Rxd3 69. Kf1 Re3 70. Kg1 Re1# 0-1

[Event "WCCC G10 2019"]
[Site "Weifang"]
[Date "2019.08.24"]
[Round "4.2"]
[White "Lee, Alice"]
[Black "Chen, Yining"]
[Result "1/2-1/2"]
[ECO "E41"]
[WhiteElo "1822"]
[BlackElo "1744"]
[Annotator "NA"]
[PlyCount "87"]
[EventDate "2019.08.21"]
[EventType "swiss"]
[EventCountry "CHN"]
[SourceTitle "playchess.com"]
[Source "ChessBase"]
[SourceQuality "1"]
[TimeControl "40/5400+30:1800+30"]

1. d4 Nf6 2. c4 e6 3. Nc3 Bb4 4. e3 Bxc3+ 5. bxc3 d6 6. Bd3 O-O 7. Ne2 c5 8. O-O Nc6 9. f3 Qc7 10. e4 e5 11. Be3 b6 12. Rc1 Ba6 13. Qa4 Na5 14. Ng3 Rfe8 15. Rfd1 h6 16. Nf5 Rad8 17. Bf2 $14 Kh7 18. Ne3 Qd7 19. Qc2 g6 20. Bf1 Qc7 21. Bh4 g5 22. Bf2 Bb7 23. Nd5 Nxd5 24. cxd5 Bc8 25. dxe5 dxe5 26. Be2 Nb7 27. h4 Nd6 28. hxg5 hxg5 29. c4 Kg6 30. g4 f6 31. Kg2 Rh8 32. Rh1 Nf7 33. a4 Rxh1 34. Rxh1 Rh8 35. Rxh8 Nxh8 36. Qb1 Nf7 37. a5 Nd6 38. axb6 axb6 39. Qa2 Qb7 40. Qa4 Bd7 41. Qa3 Bc8 42. Qa4 Bd7 43. Qa3 Bc8 44. Qa4 1/2-1/2

[Event "WCCC G10 2019"]
[Site "Weifang"]
[Date "2019.08.24"]
[Round "4.3"]
[White "Ning, Isabelle Yixuan"]
[Black "Feng, Eunice"]
[Result "0-1"]
[ECO "A45"]
[WhiteElo "1701"]
[BlackElo "1280"]
[Annotator "NA"]
[PlyCount "64"]
[EventDate "2019.08.21"]
[EventType "swiss"]
[EventCountry "CHN"]
[SourceTitle "playchess.com"]
[Source "ChessBase"]
[SourceQuality "1"]
[TimeControl "40/5400+30:1800+30"]

1. d4 Nf6 2. Bf4 g6 3. Nc3 d5 4. e3 Bg7 5. h4 c5 6. Nb5 Na6 7. c3 O-O 8. h5 Nxh5 9. Rxh5 gxh5 10. Qxh5 f5 11. Nf3 Qe8 12. Qh4 Bd7 13. Na3 Rc8 14. O-O-O cxd4 15. exd4 Nc7 16. Bd3 Ne6 17. Be5 Qg6 18. Rh1 h6 19. Rh3 Qg4 20. Qxe7 Rf7 21. Qb4 Nf4 22. Bxf4 Qxf4+ 23. Kb1 Re8 24. Qxb7 Ba4 25. Qxd5 Qxf3 26. Qxf7+ Kxf7 27. Bc4+ Kf8 28. Rh1 Qxf2 29. b3 Re1+ 30. Rxe1 Qxe1+ 31. Kb2 Bc6 32. Nc2 Qd2 0-1

[Event "WCCC G10 2019"]
[Site "Weifang"]
[Date "2019.08.24"]
[Round "4.4"]
[White "Mou, Iris"]
[Black "Bui, Thi Ngoc Chi"]
[Result "1-0"]
[ECO "C01"]
[WhiteElo "1669"]
[BlackElo "1420"]
[Annotator "NA"]
[PlyCount "75"]
[EventDate "2019.08.21"]
[EventType "swiss"]
[EventCountry "CHN"]
[SourceTitle "playchess.com"]
[Source "ChessBase"]
[SourceQuality "1"]
[TimeControl "40/5400+30:1800+30"]

1. e4 e6 2. d4 d5 3. Bd3 Nf6 4. e5 Nfd7 5. f4 c5 6. c3 Nc6 7. Nf3 Qb6 8. Bc2 cxd4 9. cxd4 f6 10. O-O Be7 11. a3 O-O 12. Kh1 a5 13. Nc3 f5 14. Na4 Qa7 15. Bd3 Kh8 16. Be3 Rb8 17. Rc1 Nd8 18. Bb5 b6 19. Qe2 Nf7 20. Rc6 Nd8 21. Rc3 Nf7 22. Rfc1 Qa8 23. Rc6 Bd8 24. Rxc8 Rxc8 25. Bxd7 Rxc1+ 26. Bxc1 Bc7 27. Qb5 Nd8 28. Ng5 h6 29. Nxe6 Nxe6 30. Bxe6 Qd8 31. Bxd5 Qh4 32. g3 Qg4 33. Nc3 h5 34. Kg2 Bd8 35. Qc6 Kh7 36. Qd6 Re8 37. Bf7 Rh8 38. h3 1-0

[Event "WCCC G10 2019"]
[Site "Weifang"]
[Date "2019.08.24"]
[Round "4.5"]
[White "Liao, Yingzhu"]
[Black "Khamdamova, Afruza"]
[Result "1-0"]
[ECO "C84"]
[WhiteElo "1393"]
[BlackElo "1607"]
[Annotator "NA"]
[PlyCount "77"]
[EventDate "2019.08.21"]
[EventType "swiss"]
[EventCountry "CHN"]
[SourceTitle "playchess.com"]
[Source "ChessBase"]
[SourceQuality "1"]
[TimeControl "40/5400+30:1800+30"]

1. e4 e5 2. Nf3 Nc6 3. Bb5 a6 4. Ba4 Nf6 5. d3 d6 6. Nc3 Be7 7. h3 O-O 8. O-O b5 9. Bb3 Na5 10. Be3 Nxb3 11. axb3 Bb7 12. d4 Nxe4 13. dxe5 Nxc3 14. bxc3 Bxf3 15. Qxf3 dxe5 16. Rfd1 Qc8 17. Qd5 Bd6 18. c4 bxc4 19. bxc4 Re8 20. c5 Bf8 21. c6 Qe6 22. Kh2 Qxd5 23. Rxd5 Re6 24. Bc5 Rxc6 25. Bxf8 Kxf8 26. Ra2 f6 27. Rd7 a5 28. Kg3 a4 29. Kf3 Ra7 30. Ke2 Rd6 31. Rxd6 cxd6 32. Kd3 Ke7 33. c4 a3 34. Kc3 Kd7 35. Kb3 Kc6 36. Rxa3 Rxa3+ 37. Kxa3 Kc5 38. Kb3 Kd4 39. Kb4 {[%emt 0:00:32] Kd5} 1-0

[Event "WCCC G10 2019"]
[Site "Weifang"]
[Date "2019.08.24"]
[Round "4.6"]
[White "Nurgaliyeva, Zarina"]
[Black "Yesugen Khuchbayar"]
[Result "1-0"]
[ECO "B52"]
[WhiteElo "1474"]
[BlackElo "1325"]
[Annotator "NA"]
[PlyCount "119"]
[EventDate "2019.08.21"]
[EventType "swiss"]
[EventCountry "CHN"]
[SourceTitle "playchess.com"]
[Source "ChessBase"]
[SourceQuality "1"]
[TimeControl "40/5400+30:1800+30"]

1. e4 c5 2. Nf3 d6 3. Bb5+ Bd7 4. Bxd7+ Qxd7 5. O-O e6 6. c3 Nc6 7. d4 cxd4 8. cxd4 Nf6 9. Re1 d5 10. e5 Ne4 11. Nbd2 Nxd2 12. Bxd2 Nb4 13. Bc3 O-O-O 14. a3 Nc6 15. b4 h6 16. b5 Ne7 17. Ba5 Re8 18. Qa4 Kb8 19. Bb4 Ng6 20. Bc5 Bxc5 21. dxc5 Rc8 22. Rec1 Qc7 23. Qd4 Ne7 24. a4 Nf5 25. Qb4 Rhd8 26. a5 d4 27. c6 Qe7 28. Qa4 Rd5 29. cxb7 Qxb7 30. b6 Rxc1+ 31. Rxc1 axb6 32. a6 Qd7 33. a7+ Ka8 34. Qa6 Rc5 35. Ra1 Qc7 36. g4 Ne7 37. Nxd4 Rc1+ 38. Rxc1 Qxc1+ 39. Kg2 Qc5 40. Nb5 Qc6+ 41. f3 Ng6 42. Nd4 Qb7 43. Qa4 b5 44. Qxb5 Qxb5 45. Nxb5 Nxe5 46. Kg3 Nc6 47. Kf4 Nxa7 48. Nxa7 Kxa7 49. Ke5 Kb6 50. Kd6 Kb5 51. Ke7 Kc5 52. Kxf7 e5 53. Kxg7 Kd4 54. Kxh6 Ke3 55. g5 Kxf3 56. g6 e4 57. g7 Kg2 58. g8=Q+ Kxh2 59. Qe6 Kg3 60. Qxe4 1-0

[Event "WCCC G10 2019"]
[Site "Weifang"]
[Date "2019.08.24"]
[Round "4.7"]
[White "Mai, Hieu Linh"]
[Black "Feng, Angela"]
[Result "1-0"]
[ECO "C54"]
[WhiteElo "1344"]
[BlackElo "1426"]
[Annotator "NA"]
[PlyCount "28"]
[EventDate "2019.08.21"]
[EventType "swiss"]
[EventCountry "CHN"]
[SourceTitle "playchess.com"]
[Source "ChessBase"]
[SourceQuality "1"]
[TimeControl "40/5400+30:1800+30"]

1. e4 e5 2. Nf3 Nc6 3. Bc4 Bc5 4. c3 Nf6 5. d3 a6 6. Bb3 Ba7 7. O-O O-O 8. Nbd2 d6 9. Re1 Ng4 10. Re2 Kh8 11. h3 Nh6 12. Nf1 f5 13. Bxh6 gxh6 14. exf5 Bxf5 1-0

[Event "WCCC G10 2019"]
[Site "Weifang"]
[Date "2019.08.24"]
[Round "4.9"]
[White "Zhou, Yafei"]
[Black "Huynh, Phuc Minh Phuong"]
[Result "1/2-1/2"]
[ECO "D44"]
[WhiteElo "1757"]
[BlackElo "1254"]
[Annotator "NA"]
[PlyCount "105"]
[EventDate "2019.08.21"]
[EventType "swiss"]
[EventCountry "CHN"]
[SourceTitle "playchess.com"]
[Source "ChessBase"]
[SourceQuality "1"]
[TimeControl "40/5400+30:1800+30"]

1. d4 d5 2. c4 c6 3. Nf3 e6 4. Nc3 Nf6 5. Bg5 dxc4 6. e4 Be7 7. Bxc4 Nbd7 8. O-O h6 9. Bf4 O-O 10. Qe2 b5 11. Bd3 a6 12. e5 Nh7 13. Qe4 f5 14. exf6 Ndxf6 15. Qxc6 Bd7 16. Qc7 Qxc7 17. Bxc7 Rac8 18. Bg3 Nh5 19. Ne5 Nxg3 20. Nxd7 Rfd8 21. hxg3 Rxd7 22. d5 Nf6 23. Rfe1 Nxd5 24. Rad1 Rcd8 25. Nxd5 Rxd5 26. Bc2 Rxd1 27. Rxd1 Rxd1+ 28. Bxd1 a5 29. Kf1 Kf7 30. f4 Kf6 31. Kf2 e5 32. Kf3 Bd6 33. Bc2 h5 34. f5 Kg5 35. Ke4 Kg4 36. Kd5 Be7 37. Kxe5 Bf6+ 38. Kd5 Bxb2 39. Kc5 b4 40. Bd1+ Kxg3 41. Bxh5 Kxg2 42. Kb5 Bc3 43. Ka4 Kf2 44. Kb3 Ke3 45. Bf7 Kd2 46. Be6 Ke3 47. Bf7 Kf4 48. Be6 Ke5 49. Bc8 Kf6 50. Bd7 Ke7 51. Bc8 Kd6 52. Ba6 Kc6 53. Bc8 1/2-1/2

[Event "WCCC G10 2019"]
[Site "Weifang"]
[Date "2019.08.24"]
[Round "4.10"]
[White "Gaszka, Zuzanna"]
[Black "Lin, Ze Jun"]
[Result "1/2-1/2"]
[ECO "D90"]
[WhiteElo "1230"]
[BlackElo "1674"]
[Annotator "NA"]
[PlyCount "61"]
[EventDate "2019.08.21"]
[EventType "swiss"]
[EventCountry "CHN"]
[SourceTitle "playchess.com"]
[Source "ChessBase"]
[SourceQuality "1"]
[TimeControl "40/5400+30:1800+30"]

1. d4 Nf6 2. c4 g6 3. Nc3 d5 4. Nf3 Bg7 5. h4 O-O 6. cxd5 Nxd5 7. h5 Nxc3 8. bxc3 Bf5 9. Qb3 b6 10. hxg6 Bxg6 11. Bh6 Bxh6 12. Rxh6 Kg7 13. Rh1 Nd7 14. Nh4 Nf6 15. Qb5 Qd5 16. Qb2 c5 17. Nxg6 hxg6 18. Qd2 Rh8 19. Rxh8 Rxh8 20. f3 cxd4 21. cxd4 e5 22. e3 exd4 23. Qxd4 Qa5+ 24. Kf2 Rc8 25. Kg1 Rc2 26. a3 Rd2 27. Qb4 Qd5 28. e4 Qg5 29. Qc3 Qf4 30. Re1 Rd8 31. Bc4 1/2-1/2

[Event "WCCC G10 2019"]
[Site "Weifang"]
[Date "2019.08.25"]
[Round "5.1"]
[White "Li, Rachael"]
[Black "Feng, Eunice"]
[Result "1/2-1/2"]
[ECO "B76"]
[WhiteElo "1911"]
[BlackElo "1280"]
[Annotator "NA"]
[PlyCount "145"]
[EventDate "2019.08.21"]
[EventType "swiss"]
[EventCountry "CHN"]
[SourceTitle "playchess.com"]
[Source "ChessBase"]
[SourceQuality "1"]
[TimeControl "40/5400+30:1800+30"]

1. e4 c5 2. Nc3 ({Predecessor:} 2. Nf3 d6 3. d4 cxd4 4. Nxd4 Nf6 5. Nc3 g6 6. Be3 {1-0 (31) Lizak,J (2131)-Stochnialek,D (1439) Iwonicz 2016}) 2... d6 3. Nge2 g6 4. d4 cxd4 5. Nxd4 Bg7 6. Be3 Nf6 7. f3 O-O 8. Qd2 Nc6 9. O-O-O d5 10. Kb1 Nxd4 11. e5 Nd7 12. Bxd4 {[%emt 0:02:45] B76: Sicilian Dragon: Yugoslav Attack, 9 g4 and 9 0-0-0} Nxe5 13. Qe3 Nc6 14. Bxg7 Kxg7 15. Nxd5 Be6 $146 (15... Qa5 16. b4 Qd8 17. b5 Na5 18. Be2 Bd7 19. Rd4 Rc8 20. Rh4 h5 21. Nxe7 Re8 22. Qd4+ Kh7 23. Bd3 f5 24. Nxc8 Qxc8 25. Qxa7 Qc3 26. Qd4 {1-0 (26) Malinovsky,K (2445)-Stachowiak,K (2451) Czechia 2013}) 16. Qc3+ f6 17. Bc4 Bxd5 18. Bxd5 Qc7 19. h4 Rad8 20. h5 Qd6 21. Qe3 g5 22. c3 Qf4 23. Qxf4 gxf4 24. h6+ Kh8 25. Kc2 Rfe8 26. Rh4 e5 27. b4 Nd4+ $11 28. cxd4 Rxd5 29. Rh5 Kg8 30. Kb3 Red8 31. g3 Rxd4 32. Rg1 Kh8 33. Rf5 Rd3+ 34. Kb2 Rxf3 35. gxf4 Rxf4 36. Rxf4 exf4 37. Rf1 Kg8 38. Rxf4 Kf7 39. Rg4 Ke6 40. Re4+ Kf7 41. Rg4 Rd7 42. Kc3 f5 43. Rg7+ Ke6 44. Rg8 f4 45. Rf8 Rf7 46. Re8+ Kf6 47. Kd2 Kg6 48. Re6+ Kf5 49. Re8 f3 50. Ke3 Kg6 51. Rg8+ Kxh6 52. Kf2 Kh5 53. b5 b6 54. a4 Kh4 55. Rg1 h5 56. Rg6 Rf4 57. a5 bxa5 58. Ra6 Rf7 59. Rxa5 Kg4 60. Ra4+ Kg5 61. Ra5 Kf4 62. Ra4+ Ke5 63. Ra6 Kf4 64. b6 axb6 65. Rxb6 Rf5 66. Rh6 Kg4 67. Rg6+ Kh4 68. Rg3 Rf4 69. Rxf3 Rg4 70. Ra3 Rg6 71. Rb3 Rg4 72. Ra3 Kg5 73. Rg3 1/2-1/2

[Event "WCCC G10 2019"]
[Site "Weifang"]
[Date "2019.08.25"]
[Round "5.2"]
[White "Nurgaliyeva, Zarina"]
[Black "Lee, Alice"]
[Result "1/2-1/2"]
[ECO "B40"]
[WhiteElo "1474"]
[BlackElo "1822"]
[Annotator "NA"]
[PlyCount "71"]
[EventDate "2019.08.21"]
[EventType "swiss"]
[EventCountry "CHN"]
[SourceTitle "playchess.com"]
[Source "ChessBase"]
[SourceQuality "1"]
[TimeControl "40/5400+30:1800+30"]

1. e4 c5 2. Nf3 e6 3. g3 d5 4. exd5 exd5 5. d4 Nc6 6. Bg2 Bg4 7. O-O Bxf3 8. Qxf3 Nxd4 9. Qd3 Nf6 10. Bg5 Be7 11. c3 Nc6 12. Bxf6 Bxf6 13. Qxd5 Qxd5 14. Bxd5 Ne7 15. Bg2 O-O-O $11 16. Na3 Ng6 17. f4 Rhe8 18. Bf3 a6 19. Nc4 Kc7 20. a4 b6 21. Rfd1 Ne7 22. Ne3 h6 23. Rac1 b5 24. axb5 axb5 25. Ra1 Kb6 26. Kf2 c4 27. Nc2 Nc6 28. Bxc6 Kxc6 29. Nb4+ Kb7 30. Nd5 Be7 31. Ra5 Bc5+ 32. Kf3 Kc6 33. Ra6+ Kb7 34. Ra5 Kc6 35. Ra6+ Kb7 36. Ra5 1/2-1/2

[Event "WCCC G10 2019"]
[Site "Weifang"]
[Date "2019.08.25"]
[Round "5.3"]
[White "Chen, Yining"]
[Black "Liao, Yingzhu"]
[Result "1-0"]
[ECO "D85"]
[WhiteElo "1744"]
[BlackElo "1393"]
[Annotator "NA"]
[PlyCount "119"]
[EventDate "2019.08.21"]
[EventType "swiss"]
[EventCountry "CHN"]
[SourceTitle "playchess.com"]
[Source "ChessBase"]
[SourceQuality "1"]
[TimeControl "40/5400+30:1800+30"]

1. d4 Nf6 2. c4 g6 3. Nc3 d5 4. cxd5 Nxd5 5. e4 Nxc3 6. bxc3 Bg7 7. Be3 O-O 8. Nf3 c5 9. Qd2 b6 10. Rc1 cxd4 11. cxd4 Bb7 12. Bd3 e6 13. Ne5 f6 14. Nf3 Kh8 15. O-O Nc6 16. Rfd1 Qe7 17. Bb5 Nb4 18. a3 Na6 19. Qd3 Nc7 20. Bc6 Ba6 21. Qd2 Rad8 22. d5 exd5 23. exd5 Qxa3 24. Ra1 Qe7 25. d6 Qe6 26. Qb4 Be2 27. Rd2 Bxf3 28. Bxf3 Ne8 29. Rad1 f5 30. Bf4 Nf6 31. Re2 Qc8 32. Rc1 Qa6 33. Qb3 Ne4 34. Ra2 Qb7 35. Rc7 Qb8 36. Raxa7 Rg8 37. Bxe4 fxe4 38. Bh6 Qxa7 39. Rxa7 Bxh6 40. Qxb6 Rc8 41. g3 e3 42. fxe3 Rb8 43. Qd4+ Bg7 44. Qd3 Rgc8 45. d7 Rd8 46. Rc7 Ra8 47. e4 Be5 48. Rc5 Bb2 49. e5 Kg7 50. e6 Bf6 51. Qd6 Rdb8 52. e7 Rb1+ 53. Kg2 Re1 54. e8=Q Rexe8 55. dxe8=Q Rxe8 56. Rc7+ Re7 57. Rxe7+ Bxe7 58. Qxe7+ Kh6 59. g4 g5 60. Qf6# 1-0